 Dungeon Crawl Stone Soup version 0.19.1-1-g22dce08 (webtiles) character file.

572 Alarkh the Cleaver (level 7, 49/57 HPs)
             Began as a Purple Draconian Monk on Jan 18, 2017.
             Quit the game on level 5 of the Dungeon.
             The game lasted 00:04:01 (3074 turns).

Alarkh the Cleaver (Purple Draconian Monk)          Turns: 3074, Time: 00:04:02

Health: 49/57      AC:  7    Str: 13    XL:     7   Next: 12%
Magic:  7/7        EV: 13    Int: 13    God:
Gold:   253        SH:  0    Dex: 13    Spells: 0 memorised, 6 levels left

rFire  + . .     SeeInvis .     a - +2 war axe
rCold  . . .     Gourm    .     (armour unavailable)
rNeg   + . .     Faith    .     (no shield)
rPois  .         Spirit   .     (helmet restricted)
rElec  .         Reflect  .     (no cloak)
rCorr  .         Harm     .     v - +0 pair of gloves
MR     +....                    (no boots)
Stlth  ++........               (no amulet)
                                n - ring of positive energy
                                c - ring of protection from fire

@: no status effects
A: breathe power, unfitting armour, horns 1, evolution 1, cold-blooded, AC +6
a: Breathe Dispelling Energy


You were on level 5 of the Dungeon.
You were very hungry.

You visited 1 branch of the dungeon, and saw 5 of its levels.

You collected 253 gold pieces.

Inventory:

Hand Weapons
 a - a +2 war axe (weapon)
 s - a +0 hand axe
 w - a cursed -3 broad axe
Armour
 v - a +0 pair of gloves (worn)
Jewellery
 c - a ring of protection from fire (left hand)
 n - a ring of positive energy (right hand)
Wands
 t - a wand of iceblast (10/15)
Scrolls
 d - 3 scrolls of remove curse
 e - a scroll of identify
 f - a scroll of random uselessness
 i - a scroll of noise
 j - a scroll of teleportation {unknown}
 l - a scroll of magic mapping {unknown}
 m - 2 scrolls of fog {unknown}
 p - a scroll of blinking {unknown}
 u - a scroll of enchant armour {unknown}
Potions
 h - a potion of might {unknown}
 o - a potion of lignification
 r - a potion of haste
 x - 2 potions of magic {unknown}
Books
 q - a book of Cantrips

   Spells                             Type                      Level
   a - Confusing Touch                Hexes                        1
   b - Animate Skeleton               Necromancy                   1
   c - Summon Small Mammal            Summoning                    1
   d - Apportation                    Translocation                1
Comestibles
 b - 4 bread rations
 g - 2 meat rations
 k - a beef jerky


   Skills:
 - Level 3.2 Fighting
 + Level 8.2 Axes
 - Level 2.6 Dodging
 - Level 1.7 Stealth


You had 6 spell levels left.
You didn't know any spells.

Dungeon Overview and Level Annotations

Branches:
Dungeon (5/15)
 Temple: D:4-7

Altars:
Dithmenos
Gozag
Sif Muna
Xom
Yredelemnul

Annotations:
D:3 Alarkh's ghost, amateur DrMo


Innate Abilities, Weirdness & Mutations

You can breathe bolts of dispelling energy.
Your rich purple scales are hard. (AC +6)
You cannot fit into any form of body armour.
You are cold-blooded and may be slowed by cold attacks.
You have a pair of small horns on your head.
You evolve.


Message History

Grinder gestures at you.
You are unaffected.
You are feeling very hungry.
You slash Grinder!
You kill Grinder!
Your Axes skill increases to level 8!
You have reached level 7!
Your scales start taking on a rich purple colour.
You learn Spellcasting much quicker.
You learn Hexes much quicker.
You learn Charms much quicker.
You learn Evocations quicker.
You can breathe bolts of dispelling energy.
Unknown command.
You start resting.
You hear the rusting of a very distant drain.
You start resting.
You feel less woody.
Your +0 pair of gloves unmelds from your body.
x - 2 dark potions You see here a frilled lizard corpse.
Are you sure you want to abandon this character and quit the game? (Confirm with "yes".)

.........).#
.#..###.#.## ..#. .)..#
... .... ##..###.# #...
...#...# #..# ####...#
#..## #...# ...
#...###### #.#
####........# #@#
........###.####.######
........# #......†..<...
........###.#####.#####.
####........# .#
#...###### .# #...# .#
#...# .# ##.## .#


There were no monsters in sight!

Vanquished Creatures
  Grinder (D:5)
  A sky beast (D:5)
  A crimson imp (D:5)
  2 orc priests (D:3)
  2 jellies (D:5)
  Terence (D:2)
  A worker ant (D:4)
  3 adders (D:2)
  2 dart slugs
  A leopard gecko (D:1)
  An orc (D:3)
  3 giant cockroaches
  7 goblins
  4 hobgoblins
  7 jackals
  6 kobolds
  10 bats
  4 frilled lizards
  8 rats
65 creatures vanquished.

Notes
Turn   | Place    | Note
-------+----------+-------------------------------------------
     0 | D:1      | Alarkh the Draconian Monk began the quest for the Orb.
     0 | D:1      | Reached XP level 1. HP: 19/19 MP: 1/1
    86 | D:1      | Reached XP level 2. HP: 26/26 MP: 2/2
   362 | D:1      | Reached skill level 4 in Axes
   501 | D:2      | Reached XP level 3. HP: 25/31 MP: 3/3
   519 | D:2      | Found a shimmering altar of Xom.
   526 | D:2      | Found a deep blue altar of Sif Muna.
   532 | D:2      | Found an opulent altar of Gozag.
   532 | D:2      | Found a basalt altar of Yredelemnul.
   550 | D:2      | Noticed Terence
   552 | D:2      | Gained mutation: You evolve. [potion of beneficial mutation]
   553 | D:2      | Gained mutation: You have a pair of small horns on your head. [potion of beneficial mutation]
   579 | D:2      | HP: 1/31 [Terence/flail (3)]
   586 | D:2      | Killed Terence
   913 | D:2      | Reached XP level 4. HP: 36/38 MP: 4/4
  1203 | D:2      | Found a shadowy altar of Dithmenos.
  1278 | D:2      | Reached skill level 5 in Axes
  1630 | D:3      | Noticed Alarkh's ghost (amateur DrMo)
  1788 | D:3      | Reached skill level 6 in Axes
  1788 | D:3      | Reached XP level 5. HP: 18/45 MP: 5/5
  2920 | D:4      | You fall through a shaft!
  2920 | D:5      | Entered Level 5 of the Dungeon
  2986 | D:5      | Reached XP level 6. HP: 38/51 MP: 6/6
  3017 | D:5      | Noticed a sky beast
  3019 | D:5      | Noticed Grinder
  3034 | D:5      | Paralysed by Grinder for 6 turns
  3049 | D:5      | Killed a sky beast
  3049 | D:5      | Reached skill level 7 in Axes
  3062 | D:5      | Killed Grinder
  3062 | D:5      | Reached skill level 8 in Axes
  3062 | D:5      | Your scales start taking on a rich purple colour.
  3062 | D:5      | Reached XP level 7. HP: 57/57 MP: 7/7
  3074 | D:5      | Quit the game

Skill      XL: |  1  2  3  4  5  6 |
---------------+-------------------+-----
Axes           | 4 6 8 |  8.2
Fighting       | |  3.2
Dodging        | |  2.6
Stealth        | |  1.7

Action                   |  1- 3 |  4- 6 |  7- 9 || total
-------------------------+-------+-------+-------++-------
Melee: Hand axe          |   115 |    59 |       ||   174
       Tailslap          |     5 |    10 |       ||    15
       Headbutt          |     3 |    12 |       ||    15
       War axe           |       |    54 |       ||    54
  Use: Potion            |     3 |     2 |       ||     5
       Scroll            |       |     8 |       ||     8
 Stab: Sleeping          |     2 |     3 |       ||     5
  Eat: Chunk             |       |     6 |       ||     6
Armor: Skin              |    38 |    66 |       ||   104
Dodge: Dodged            |    90 |    65 |       ||   155
